[Event "POL-chT 2nd League Juniors 2020"]
[Site "Sypniewo"]
[Date "2020.10.24"]
[Round "3.1"]
[White "Ursnik, Patryk"]
[Black "Lewandowski, Wiktor"]
[Result "1/2-1/2"]
[ECO "B22"]
[WhiteElo "1645"]
[BlackElo "1756"]
[Annotator "NA"]
[PlyCount "48"]
[EventDate "2020.10.23"]
[EventType "team-tourn"]
[EventCountry "POL"]
[SourceTitle "playchess.com"]
[Source "ChessBase"]
[SourceQuality "1"]
[TimeControl "5400+30"]

1. e4 c5 2. c3 g6 3. d4 cxd4 4. cxd4 d5 5. e5 Nc6 6. h3 Nh6 7. Nf3 Bg7 8. Be2 O-O 9. Nc3 f6 10. exf6 exf6 11. O-O Be6 12. Re1 Re8 13. Bf4 g5 14. Bg3 Nf5 15. Bh2 Rc8 16. Bb5 a6 17. Ba4 Bf7 18. Rxe8+ Qxe8 19. Bc2 Nfe7 20. Na4 Qd8 21. Nc5 Qb6 22. Na4 Qd8 23. Nc5 Qb6 24. Na4 Qd8 1/2-1/2

[Event "POL-chT 2nd League Juniors 2020"]
[Site "Sypniewo"]
[Date "2020.10.24"]
[Round "3.3"]
[White "Cieply, Krzysztof"]
[Black "Komendecki, Antoni"]
[Result "0-1"]
[ECO "B27"]
[WhiteElo "1573"]
[BlackElo "1801"]
[Annotator "NA"]
[PlyCount "80"]
[EventDate "2020.10.23"]
[EventType "team-tourn"]
[EventCountry "POL"]
[SourceTitle "playchess.com"]
[Source "ChessBase"]
[SourceQuality "1"]
[TimeControl "5400+30"]

1. e4 c5 2. Nf3 g6 3. d4 cxd4 4. Nxd4 Bg7 5. Nc3 Nc6 6. Be3 Nf6 7. f3 O-O 8. Bc4 Qb6 9. Qd2 Nxe4 10. fxe4 Bxd4 11. Bxd4 Qxd4 12. Qxd4 Nxd4 13. O-O-O Nc6 14. Nd5 Rb8 {[%emt 0:04:59] B35: Sicilian: Accelerated Dragon with 5 Nc3: main line.} 15. Bb5 Re8 {[%emt 0:03:27] [#]} 16. Bc4 $146 ({Predecessor:} 16. Nc7 Rd8 17. Nd5 Kf8 18. h4 a6 19. Ba4 b5 20. Bb3 d6 21. Rdf1 Be6 22. h5 {0-1 (38) Mitra,A (1848)-Sundin,E (2166) Uppsala 2018}) 16... d6 17. h3 Be6 18. Bb3 Bxd5 19. Bxd5 Ne5 20. Rhf1 b5 21. Rf2 Rec8 22. Kb1 a5 23. a3 a4 24. Rd4 Rc5 25. c3 Kg7 26. Rd1 Rbc8 27. Rfd2 h5 28. Rf2 Rf8 29. Kc2 f6 30. Be6 Nc6 31. Kb1 Re5 32. Bd5 $19 Nd8 33. Rd4 Ne6 34. Rdd2 Nc5 35. Rd4 Rc8 36. Rf3 e6 37. Ba2 Nxe4 38. Rdd3 d5 39. Rd1 Rg5 40. Rfd3 Nf2 0-1

[Event "POL-chT 2nd League Juniors 2020"]
[Site "Sypniewo"]
[Date "2020.10.24"]
[Round "3.3"]
[White "Lochinski, Pawel"]
[Black "Duda, Leon"]
[Result "1/2-1/2"]
[ECO "B30"]
[WhiteElo "1426"]
[BlackElo "1388"]
[Annotator "NA RC"]
[PlyCount "80"]
[EventDate "2020.10.23"]
[EventType "team-tourn"]
[EventCountry "POL"]
[SourceTitle "playchess.com"]
[Source "ChessBase"]
[SourceQuality "1"]
[TimeControl "5400+30"]

1. e4 c5 2. Nf3 Nc6 3. Bb5 d6 4. O-O Nf6 5. Re1 Bd7 6. c3 g6 7. Bxc6 Bxc6 8. e5 dxe5 9. Nxe5 Bg7 10. Nxc6 bxc6 11. d3 O-O 12. Be3 Qb6 13. b4 Nd7 14. Qc2 a5 15. bxc5 Nxc5 16. d4 Nd7 17. Nd2 Qc7 18. Rab1 c5 19. d5 c4 20. Bg5 Nf6 21. Bxf6 Bxf6 22. Ne4 Be5 23. g3 Rfd8 24. Red1 Rd7 25. Rb5 Rad8 26. Qa4 h6 27. Rc5 Qb7 28. Qxc4 f5 29. d6+ Kg7 30. Rxe5 fxe4 31. Qxe4 Qxe4 32. Rxe4 exd6 33. Ra4 Rc8 34. c4 Kf6 35. Rd5 Ke6 36. Rd4 Rc5 37. f4 Rb7 38. Rd2 Rb4 39. Rxb4 axb4 40. Rc2 Kf5 1/2-1/2

[Event "POL-chT 2nd League Juniors 2020"]
[Site "Sypniewo"]
[Date "2020.10.24"]
[Round "3.4"]
[White "Karaszewski, Gabriel"]
[Black "Wojs, Alicja"]
[Result "1/2-1/2"]
[ECO "C00"]
[WhiteElo "1614"]
[BlackElo "1392"]
[Annotator "NA RC"]
[PlyCount "115"]
[EventDate "2020.10.23"]
[EventType "team-tourn"]
[EventCountry "POL"]
[SourceTitle "playchess.com"]
[Source "ChessBase"]
[SourceQuality "1"]
[TimeControl "5400+30"]

1. e4 e6 2. d4 d5 3. Bd3 c5 4. exd5 exd5 5. Nf3 Bg4 6. O-O Nf6 7. Re1+ Be7 8. dxc5 O-O 9. Nbd2 Bxc5 10. Nb3 Bb6 11. h3 Bh5 12. Be3 Nc6 13. g4 Bg6 14. Bxg6 hxg6 15. Nbd4 Ne4 16. c3 Bc7 17. Nxc6 bxc6 18. Qa4 Qf6 19. Kg2 Bb6 20. Bd4 Bxd4 21. Qxd4 Rab8 22. Re2 Rb6 23. Rc1 Rd8 24. c4 c5 25. Qxf6 Nxf6 26. cxd5 Nxd5 27. Kg3 Nb4 28. a3 Na6 29. Re7 Rxb2 30. Rxa7 Rb6 31. Kg2 Rdb8 32. Ne5 R8b7 33. Ra8+ Rb8 34. Rxb8+ Rxb8 35. Rc3 Rc8 36. Kf3 Kf8 37. Ke4 Ke7 38. Kd5 Nc7+ 39. Kc6 Ne6+ 40. Kb7 Rc7+ 41. Kb6 Kd6 42. Nd3 Rc6+ 43. Kb5 Nc7+ 44. Kc4 Nd5 45. Rc1 Nb6+ 46. Kb5 Nd7 47. Rd1 Rb6+ 48. Kc4 Kc6 49. Re1 Kd6 50. f4 f6 51. g5 Ra6 52. Kb3 Rb6+ 53. Ka2 Rb8 54. gxf6 gxf6 55. Rg1 Rh8 56. Rg3 Kd5 57. Nf2 Rh4 58. Rf3 1/2-1/2

[Event "POL-chT 2nd League Juniors 2020"]
[Site "Sypniewo"]
[Date "2020.10.24"]
[Round "3.5"]
[White "Lach, Alicja"]
[Black "Lascar, Maria Elena"]
[Result "0-1"]
[ECO "B28"]
[WhiteElo "1161"]
[BlackElo "1552"]
[Annotator "NA"]
[PlyCount "58"]
[EventDate "2020.10.23"]
[EventType "team-tourn"]
[EventCountry "POL"]
[SourceTitle "playchess.com"]
[Source "ChessBase"]
[SourceQuality "1"]
[TimeControl "5400+30"]

1. e4 c5 2. Nf3 a6 3. d4 cxd4 4. Nxd4 Nf6 5. Nc3 e5 6. Nb3 Bb4 7. Bd3 d5 8. exd5 Qxd5 9. Bd2 Qxg2 10. Rf1 O-O 11. a3 Bxc3 12. Bxc3 Ng4 13. Nd2 f5 14. Bc4+ Kh8 15. Nf3 Nc6 16. Qe2 e4 17. Nh4 Qh3 18. Nxf5 Bxf5 19. O-O-O Nge5 20. Bd5 Bg4 21. Qxe4 Bxd1 22. Rxd1 Rae8 23. Rg1 Qxh2 24. Rh1 Qf4+ 25. Qxf4 Rxf4 26. Rh2 Nd4 27. Bxd4 Rxd4 28. Bxb7 Ng4 29. Rg2 Re1# 0-1

[Event "POL-chT 2nd League Juniors 2020"]
[Site "Sypniewo"]
[Date "2020.10.24"]
[Round "3.6"]
[White "Bialek, Alicja"]
[Black "Ziobrowska, Maja"]
[Result "0-1"]
[ECO "C25"]
[WhiteElo "1457"]
[BlackElo "1483"]
[Annotator "NA RC"]
[PlyCount "58"]
[EventDate "2020.10.23"]
[EventType "team-tourn"]
[EventCountry "POL"]
[SourceTitle "playchess.com"]
[Source "ChessBase"]
[SourceQuality "1"]
[TimeControl "5400+30"]

1. e4 e5 2. Nc3 Nc6 3. g3 Nf6 4. Bg2 d6 5. Nge2 Be7 6. d4 exd4 7. Nxd4 Nxd4 8. Qxd4 Be6 9. O-O Qd7 10. f4 Bh3 11. b3 Bxg2 12. Kxg2 O-O 13. Bb2 Rfe8 14. Nd5 c5 15. Qd3 Nxd5 16. Qxd5 Bf8 17. Rad1 b6 18. e5 Rad8 19. Rfe1 Qf5 20. Re2 h6 21. Qd3 Qc8 22. Qf3 Qa6 23. a4 dxe5 24. Rxe5 Rxd1 25. Rxe8 Rd2+ 26. Kh3 g6 27. Qc3 Qf1+ 28. Kg4 Qd1+ 29. Qf3 h5+ 0-1

[Event "POL-chT 2nd League Juniors 2020"]
[Site "Sypniewo"]
[Date "2020.10.24"]
[Round "3.7"]
[White "Piwowarczyk, Bartlomiej"]
[Black "Jedrusik, Adam"]
[Result "0-1"]
[ECO "E32"]
[WhiteElo "1773"]
[BlackElo "1891"]
[Annotator "NA RC"]
[PlyCount "72"]
[EventDate "2020.10.23"]
[EventType "team-tourn"]
[EventCountry "POL"]
[SourceTitle "playchess.com"]
[Source "ChessBase"]
[SourceQuality "1"]
[TimeControl "5400+30"]

1. d4 Nf6 2. c4 e6 3. Nc3 Bb4 4. Qc2 O-O 5. Bg5 h6 6. Bh4 c5 7. dxc5 g5 {[%emt 0:03:50] E32: Nimzo-Indian: Classical (4 Qc2): 4...0-0.} (7... Qa5 $11) 8. Bg3 Qa5 {[%emt 0:07:23] [#]} 9. a3 $146 ({Predecessor:} 9. Be5 Ng4 10. Bd6 Bxc5 11. Bxc5 Qxc5 12. e3 Nc6 13. h4 Nb4 14. Qd2 b6 15. hxg5 {1-0 (26) Aubert,C (1977)-Rogacewicz,M (1551) Helsingor 2016}) 9... Ne4 (9... Bxc3+ $14 10. bxc3 Qxc5) 10. Be5 Nxc3 11. Bxc3 Bxc3+ 12. Qxc3 Qxc3+ 13. bxc3 Na6 14. e3 Nxc5 15. Nf3 b6 16. h4 f6 17. hxg5 hxg5 18. Nd4 Ba6 19. f3 Rac8 20. Kf2 (20. a4 $11 {keeps the balance.}) 20... Nb7 21. Bd3 Bxc4 22. Bg6 Nc5 23. Rh7 Bd3 24. e4 Bxe4 25. fxe4 Nd3+ {[%emt 0:00:01] Discovered Attack} 26. Ke3 $1 Ne5 27. Nf5 $2 (27. Rah1 $15 Nxg6 28. Rxd7 Rxc3+ 29. Ke2) 27... exf5 ({Don't play} 27... Rxc3+ 28. Kd2 $19) 28. exf5 Rxc3+ 29. Kd2 Rfc8 30. Re1 Rc2+ $19 31. Ke3 R8c3+ 32. Ke4 d5+ 33. Kxd5 Rd3+ 34. Ke6 Rc6+ 35. Ke7 Rd7+ 36. Ke8 Rc8# 0-1

[Event "POL-chT 2nd League Juniors 2020"]
[Site "Sypniewo"]
[Date "2020.10.24"]
[Round "3.8"]
[White "Dalkowski, Rafal"]
[Black "Pietrzak, Tomasz"]
[Result "1/2-1/2"]
[ECO "E16"]
[WhiteElo "1871"]
[BlackElo "1896"]
[Annotator "NA RC"]
[PlyCount "62"]
[EventDate "2020.10.23"]
[EventType "team-tourn"]
[EventCountry "POL"]
[SourceTitle "playchess.com"]
[Source "ChessBase"]
[SourceQuality "1"]
[TimeControl "5400+30"]

1. d4 Nf6 2. c4 e6 3. Nf3 Bb4+ 4. Bd2 Qe7 5. Qc2 Nc6 (5... Bxd2+ $11 6. Nbxd2 d6) 6. Nc3 {[%emt 0:11:09] E11: Bogo-Indian.} O-O 7. e3 d6 8. Be2 Bxc3 9. Bxc3 e5 10. d5 {[%emt 0:07:59] [#]} Nd8 $146 ({Predecessor:} 10... Nb8 11. h3 Nbd7 12. b4 a5 13. a3 axb4 14. axb4 Rxa1+ 15. Bxa1 c6 16. dxc6 bxc6 17. O-O Bb7 18. Bc3 {½-½ (18) Timme,K (2103)-Von Herman,B (2039) Germany 2017}) 11. Nd2 g6 12. e4 Ne8 13. g4 Qh4 14. h3 f5 (14... c6 $16) 15. Nf3 Qe7 {[%emt 0:01:58] [#]} 16. gxf5 (16. exf5 $1 $18 {is the precise move to win.} gxf5 17. O-O-O) 16... gxf5 17. O-O-O f4 18. Rdg1+ Kh8 19. Qd2 (19. h4 $16) 19... Nf6 20. Bd3 Bd7 21. c5 Nf7 22. cxd6 cxd6 23. h4 Bg4 24. Ng5 h6 25. f3 Bh5 26. Be2 Rg8 27. Ne6 Kh7 28. Qc2 Kh8 $16 29. Qd2 Kh7 30. Qc2 Kh8 31. Qd2 Kh7 1/2-1/2

[Event "POL-chT 2nd League Juniors 2020"]
[Site "Sypniewo"]
[Date "2020.10.24"]
[Round "3.8"]
[White "Szuber, Dawid"]
[Black "Topola, Rafal"]
[Result "0-1"]
[ECO "B12"]
[WhiteElo "1496"]
[BlackElo "1827"]
[Annotator "NA"]
[PlyCount "90"]
[EventDate "2020.10.23"]
[EventType "team-tourn"]
[EventCountry "POL"]
[SourceTitle "playchess.com"]
[Source "ChessBase"]
[SourceQuality "1"]
[TimeControl "5400+30"]

1. e4 c6 2. d4 d5 3. e5 Bf5 4. Bd3 Bxd3 5. Qxd3 e6 6. c3 c5 7. Ne2 Ne7 {[%emt 0:04:03] B12: Caro-Kann: Advance Variation.} 8. Ng3 Nec6 9. Be3 {[%emt 0:10:38] [#]} Qb6 $146 ({Predecessor:} 9... Nd7 10. a3 Qb6 11. b4 cxb4 12. cxb4 Rc8 13. O-O Be7 14. Nd2 O-O 15. Rab1 f5 16. f4 Qd8 17. Rfe1 a6 18. Nb3 b5 19. Nf1 Nb6 20. Nfd2 Nc4 21. Nc5 Bxc5 22. dxc5 {½-½ (22) Grzesik,G (1729)-Zabron,M (1579) Lazy 2017}) 10. Qd2 Nd7 11. O-O Be7 12. Ne2 O-O 13. f4 cxd4 14. cxd4 Bb4 15. Nbc3 Ne7 16. g4 f5 17. g5 Rac8 18. a3 Bxc3 $1 19. Nxc3 Rc4 20. Rfc1 Rfc8 21. Ne2 Qb3 22. Rc3 {[%emt 0:02:18] [#]} Rxc3 $1 23. bxc3 Nb6 24. Qa2 {[%emt 0:03:01] [#]} (24. Bf2 $17) 24... Qb5 (24... Rxc3 $1 $19 25. Nxc3 Qxc3) 25. a4 Qa5 26. Qb3 Rc4 27. Qb5 Nc6 28. Kf2 Rxa4 29. Qxa5 Nxa5 30. Rxa4 Nxa4 31. Bc1 Nc4 32. Ke1 $2 (32. h4) 32... Kf7 33. Kd1 Kg6 34. Ke1 Kh5 35. Kf2 Nab2 36. Bxb2 Nxb2 37. Nc1 Kg4 38. Ke3 a5 39. Nb3 b6 40. Nd2 b5 41. Nb1 Nc4+ 42. Kd3 Kxf4 43. h4 a4 44. Kc2 Kg4 45. g6 hxg6 0-1

[Event "POL-chT 2nd League Juniors 2020"]
[Site "Sypniewo"]
[Date "2020.10.24"]
[Round "3.9"]
[White "Nowak, Filip"]
[Black "Bochenek, Ryszard"]
[Result "1/2-1/2"]
[ECO "B32"]
[WhiteElo "1871"]
[BlackElo "1445"]
[Annotator "NA RC"]
[PlyCount "130"]
[EventDate "2020.10.23"]
[EventType "team-tourn"]
[EventCountry "POL"]
[SourceTitle "playchess.com"]
[Source "ChessBase"]
[SourceQuality "1"]
[TimeControl "5400+30"]

1. e4 c5 2. Nf3 Nc6 3. d4 cxd4 4. Nxd4 e5 5. Nb5 d6 6. N1c3 a6 7. Na3 Be7 8. Nc4 b5 {[%emt 0:00:22] B32: Sicilian: Löwenthal and Kalashnikov Variations.} 9. Ne3 $1 Nf6 10. g3 O-O 11. Bg2 Be6 12. O-O Qd7 13. Ncd5 {[%emt 0:13:06] [#]} Bxd5 $146 ({Predecessor:} 13... Bd8 14. c3 Bxd5 15. Nxd5 Nxd5 16. Qxd5 Bb6 17. Kh1 Ne7 18. Qd3 Rac8 19. f4 Rfd8 20. fxe5 {1-0 (42) Psyk,R (2304)-Vanduyfhuys,D (1878) Polanica Zdroj 2018}) 14. exd5 Na5 15. f4 (15. b3 $14) 15... Rac8 (15... Nc4 $1 $11) 16. b3 Nb7 17. Bb2 Rfe8 18. Kh1 Qc7 19. g4 Qc5 {[%emt 0:06:24] [#]} (19... g6 $16) 20. Qd2 ({Don't do} 20. fxe5 $6 Qxe3 21. exf6 Bxf6 $14) (20. Qf3 $1 $18 e4 21. Qh3) 20... exf4 {[%emt 0:04:04] [#]} (20... Bd8 $16) 21. Rxf4 (21. Nf5 $1 $18) 21... Bd8 (21... Nd7 $16 {was worth a try.}) 22. Bd4 Qc7 23. Bxf6 $2 (23. Raf1 $18 h6 24. h4) 23... Bxf6 {[%emt 0:01:10] [#]} 24. Rxf6 $1 gxf6 25. Nf5 {[%emt 0:00:16] [#]} Qc3 $1 26. Qc1 (26. Qxc3 $142 Rxc3 27. Nd4) 26... Re2 27. Rb1 (27. Qg1 $142 Rce8 28. Rf1 Rxc2 29. h3) 27... Rce8 28. Qf4 Re1+ 29. Rxe1 Qxe1+ 30. Bf1 Qe4+ 31. Qxe4 Rxe4 32. h3 Re5 33. Kg2 Kf8 34. c4 bxc4 35. Bxc4 a5 36. Ba6 (36. Kf2 $17) 36... Nc5 37. Bc4 Ne4 38. Nd4 Nc3 39. Nc6 Re1 ({Don't do} 39... Nxd5 40. Nxe5 Nf4+ 41. Kf3) 40. a4 Rd1 41. Nxa5 Nxd5 42. Kf3 Nb4 43. Nb7 d5 44. Bb5 d4 45. Nc5 d3 46. a5 Ra1 47. Nxd3 Nxd3 (47... Rxa5 $19 48. Bc4 Nxd3 49. Bxd3 h5 50. gxh5 Rxh5) 48. Bxd3 Rxa5 49. Bxh7 Rb5 50. Kf4 $2 (50. Bc2 $17) 50... Rxb3 51. h4 Rh3 (51... Kg7 $142 52. Be4 Rh3) 52. h5 Kg7 53. Bf5 Rb3 54. Be4 Rb4 55. Kf5 $17 Rb5+ 56. Kf4 Kh6 57. Bf5 Rb4+ 58. Be4 Rxe4+ 59. Kxe4 Kg5 60. Kd5 f5 61. h6 Kxh6 62. gxf5 Kg5 63. Ke5 Kg4 64. Kf6 Kf4 65. Kxf7 Kxf5 1/2-1/2

[Event "POL-chT 2nd League Juniors 2020"]
[Site "Sypniewo"]
[Date "2020.10.24"]
[Round "3.9"]
[White "Maj, Samuel"]
[Black "Wieckowski, Michal"]
[Result "1/2-1/2"]
[ECO "A83"]
[WhiteElo "1305"]
[BlackElo "1494"]
[Annotator "NA RC"]
[PlyCount "62"]
[EventDate "2020.10.23"]
[EventType "team-tourn"]
[EventCountry "POL"]
[SourceTitle "playchess.com"]
[Source "ChessBase"]
[SourceQuality "1"]
[TimeControl "5400+30"]

1. d4 f5 2. e4 fxe4 3. Nc3 Nf6 4. Bg5 g6 5. f3 d5 6. fxe4 dxe4 7. Bc4 Nc6 8. Nge2 Na5 9. Bb3 Nxb3 10. axb3 Bg7 11. O-O O-O 12. Qd2 Bg4 13. Rad1 Qd7 14. h3 Bxe2 15. Qxe2 c6 16. Rfe1 Qf5 17. Bxf6 exf6 18. Nxe4 Rfe8 19. Qc4+ Qd5 20. Qxd5+ cxd5 21. Nd6 Rxe1+ 22. Rxe1 b6 23. c3 Kf8 24. Nb5 Kf7 25. b4 Bh6 26. Kf2 Bg5 27. Ra1 Ke7 28. Nc7 Rd8 29. Rxa7 Kd6 30. Nb5+ Kc6 31. Na3 Bc1 1/2-1/2

[Event "POL-chT 2nd League Juniors 2020"]
[Site "Sypniewo"]
[Date "2020.10.24"]
[Round "3.10"]
[White "Suszczynski, Dominik"]
[Black "Zimny, Jakub"]
[Result "0-1"]
[ECO "E70"]
[WhiteElo "1241"]
[BlackElo "1569"]
[Annotator "NA RC"]
[PlyCount "68"]
[EventDate "2020.10.23"]
[EventType "team-tourn"]
[EventCountry "POL"]
[SourceTitle "playchess.com"]
[Source "ChessBase"]
[SourceQuality "1"]
[TimeControl "5400+30"]

1. d4 Nf6 2. c4 g6 3. Nc3 Bg7 4. e4 d6 5. Be3 O-O 6. f3 Nbd7 7. Bd3 e5 8. d5 Nh5 9. Nge2 f5 10. Qd2 f4 11. Bf2 a5 12. Bc2 b6 13. Nb5 Nc5 14. Nec3 Nf6 15. Rb1 g5 16. a3 g4 17. b4 Ncd7 18. Qe2 gxf3 19. gxf3 Kh8 20. Bh4 Rg8 21. Rg1 Nf8 22. Qg2 Ng6 23. Bf2 Bd7 24. Ke2 axb4 25. axb4 Bxb5 26. Nxb5 Qd7 27. Ra1 c6 28. dxc6 Qxc6 29. Bb3 d5 30. exd5 Nxd5 31. cxd5 Qxb5+ 32. Kd2 Qxb4+ 33. Kc2 Rgc8+ 34. Kd3 Qxb3+ 0-1

[Event "POL-chT 2nd League Juniors 2020"]
[Site "Sypniewo"]
[Date "2020.10.24"]
[Round "3.11"]
[White "Jedrzejko, Martyna"]
[Black "Wasala, Wiktoria"]
[Result "1/2-1/2"]
[ECO "B03"]
[WhiteElo "1618"]
[BlackElo "1458"]
[Annotator "NA RC"]
[PlyCount "87"]
[EventDate "2020.10.23"]
[EventType "team-tourn"]
[EventCountry "POL"]
[SourceTitle "playchess.com"]
[Source "ChessBase"]
[SourceQuality "1"]
[TimeControl "5400+30"]

1. e4 Nf6 2. e5 Nd5 3. d4 d6 4. c4 Nb6 5. exd6 exd6 6. Nc3 Be7 7. Be3 O-O 8. Bd3 Nc6 9. b3 Bf6 10. Nge2 Bg5 11. O-O Bg4 12. Qd2 Bf6 13. h3 Bh5 14. Rac1 Bg6 15. Bxg6 hxg6 16. Rfe1 Re8 17. Nf4 Ne7 18. Rcd1 Nf5 19. Nfd5 Nxd5 20. Nxd5 Nxe3 21. Nxf6+ Qxf6 22. Rxe3 Rxe3 23. Qxe3 Qe6 24. Qxe6 fxe6 25. f3 c6 26. Kf2 Kf7 27. Re1 Rc8 28. Re2 b5 29. c5 d5 30. b4 Ra8 31. a4 a6 32. a5 Re8 33. Re5 Rh8 34. f4 Kf6 35. Kf3 Rh4 36. Kg3 Rh5 37. Kg4 Rh8 38. h4 Rh7 39. g3 Rh8 40. Kh3 Rh7 41. Kg4 Rh8 42. Kh3 Rh7 43. Kg4 Rh8 44. Kh3 1/2-1/2

[Event "POL-chT 2nd League Juniors 2020"]
[Site "Sypniewo"]
[Date "2020.10.24"]
[Round "3.12"]
[White "Pastuszko, Katarzyna"]
[Black "Gornisiewicz, Zuzanna"]
[Result "1-0"]
[ECO "C54"]
[WhiteElo "1251"]
[BlackElo "1023"]
[Annotator "NA"]
[PlyCount "75"]
[EventDate "2020.10.23"]
[EventType "team-tourn"]
[EventCountry "POL"]
[SourceTitle "playchess.com"]
[Source "ChessBase"]
[SourceQuality "1"]
[TimeControl "5400+30"]

1. e4 e5 2. Nf3 Nc6 3. Bc4 Bc5 4. c3 Nf6 5. d4 exd4 6. cxd4 Bb4+ 7. Nc3 O-O 8. Bg5 Qe7 9. O-O d6 10. Nd5 Qd8 11. e5 dxe5 12. dxe5 b5 13. Bxb5 Qxd5 14. Qxd5 Nxd5 15. Bxc6 Nb6 16. Bxa8 Nxa8 17. Rad1 Ba6 18. Nd4 Bxf1 19. Kxf1 f6 20. Nc6 Bc5 21. exf6 gxf6 22. Bh6 Re8 23. Rd7 f5 24. Bf4 Nb6 25. Rd3 Re6 26. Nxa7 Bb4 27. Re3 Rg6 28. Rg3 Kf7 29. Rxg6 hxg6 30. Bxc7 Bc5 31. Bxb6 Bxb6 32. Nc6 Ke6 33. b4 Kd5 34. b5 Kc5 35. a4 Bc7 36. Ke2 Kd5 37. Kf3 Kd6 38. g4 1-0

[Event "POL-chT 2nd League Juniors 2020"]
[Site "Sypniewo"]
[Date "2020.10.24"]
[Round "3.15"]
[White "Skrzypinski, Jan"]
[Black "Jendrowiak, Maciej"]
[Result "0-1"]
[ECO "B18"]
[WhiteElo "1418"]
[BlackElo "1382"]
[Annotator "NA"]
[PlyCount "110"]
[EventDate "2020.10.23"]
[EventType "team-tourn"]
[EventCountry "POL"]
[SourceTitle "playchess.com"]
[Source "ChessBase"]
[SourceQuality "1"]
[TimeControl "5400+30"]

1. e4 c6 2. d4 d5 3. Nc3 dxe4 4. Nxe4 Bf5 5. Nc3 Nf6 6. Bc4 Nbd7 7. Nge2 e6 8. Ng3 Bg6 9. O-O Be7 10. Be3 O-O 11. Qd2 Nd5 12. Bxd5 cxd5 13. f4 Nb6 14. Qf2 Bh4 15. Rae1 Nc4 16. Bc1 Nd6 17. Qe3 Bxc2 18. Re2 Bg6 19. Qf3 Bxg3 20. hxg3 Be4 21. Qg4 Bd3 22. Re5 Bxf1 23. Kxf1 Nf5 24. Qh3 g6 25. g4 Nxd4 26. Qd3 Nc6 27. Rg5 Qe7 28. Be3 f6 29. Bc5 Qf7 30. Bxf8 Rxf8 31. Rxd5 exd5 32. Qxd5 Qxd5 33. Nxd5 Kf7 34. Kf2 Rd8 35. Ne3 Rd2+ 36. Kf3 Rxb2 37. Nc4 Rxa2 38. Nd6+ Ke7 39. Nxb7 a5 40. g3 a4 41. Nc5 a3 42. Nb3 Rb2 43. Nc1 a2 44. Nxa2 Rxa2 45. g5 fxg5 46. fxg5 Ra3+ 47. Kg4 Ke6 48. Kh4 Ra4+ 49. g4 Ke5 50. Kh3 Kf4 51. Kh4 Ra1 52. Kh3 Rh1+ 53. Kg2 Rh4 54. Kg1 Kf3 55. Kf1 Rh1# 0-1

[Event "POL-chT 2nd League Juniors 2020"]
[Site "Sypniewo"]
[Date "2020.10.24"]
[Round "3.16"]
[White "Rzepka, Marcin"]
[Black "Kaczmarek, Jan"]
[Result "1-0"]
[ECO "A04"]
[WhiteElo "1294"]
[BlackElo "1229"]
[Annotator "NA"]
[PlyCount "59"]
[EventDate "2020.10.23"]
[EventType "team-tourn"]
[EventCountry "POL"]
[SourceTitle "playchess.com"]
[Source "ChessBase"]
[SourceQuality "1"]
[TimeControl "5400+30"]

1. Nf3 c5 2. g3 Nc6 3. Bg2 g6 4. O-O d5 5. d3 Bg7 6. Nbd2 Nf6 7. e4 dxe4 8. dxe4 O-O 9. a3 Nd7 10. Qe2 Nd4 11. Nxd4 cxd4 12. Nb3 Qb6 13. Rd1 e5 14. Kh1 Nc5 15. Nxc5 Qxc5 16. Rb1 Be6 17. b4 Bc4 18. Qd2 Qb5 19. c3 Rfd8 20. cxd4 Rxd4 21. Qe1 Rad8 22. Be3 Rxd1 23. Rxd1 Re8 24. Bh3 Be6 25. Bxe6 Rxe6 26. Rd8+ Re8 27. Qd1 Rxd8 28. Qxd8+ Bf8 29. Kg1 Qc6 30. Bc5 1-0

[Event "POL-chT 2nd League Juniors 2020"]
[Site "Sypniewo"]
[Date "2020.10.24"]
[Round "3.17"]
[White "Niemier, Martyna"]
[Black "Seemann, Pola"]
[Result "0-1"]
[ECO "E30"]
[WhiteElo "1235"]
[BlackElo "1566"]
[Annotator "NA RC"]
[PlyCount "148"]
[EventDate "2020.10.23"]
[EventType "team-tourn"]
[EventCountry "POL"]
[SourceTitle "playchess.com"]
[Source "ChessBase"]
[SourceQuality "1"]
[TimeControl "5400+30"]

1. d4 Nf6 2. c4 e6 3. Nc3 Bb4 4. Bg5 b6 5. Nf3 Bb7 6. e3 O-O 7. Bd3 h6 8. Bh4 d6 9. O-O Bxc3 10. bxc3 Nbd7 11. Rb1 Qe8 12. Qe2 Ne4 13. Bxe4 Bxe4 14. Rb2 e5 15. Bg3 a5 16. Rb5 Bc6 17. Rb2 Bb7 18. dxe5 dxe5 19. Rd1 Qe6 20. Rbd2 Bc6 21. h3 Rfe8 22. Rxd7 Bxd7 23. Bxe5 c5 24. Rd6 Qe7 25. Bg3 Rab8 26. Qb2 b5 27. cxb5 Bxb5 28. Qa3 Qa7 29. Rd5 Rbc8 30. Qb3 Bc6 31. Rf5 Bxf3 32. Rxf3 Rcd8 33. Bh4 Rb8 34. Qc4 Re6 35. Rf5 Rc8 36. Rf3 Qb7 37. Qf4 Re4 38. Qg3 Qc7 39. Qxc7 Rxc7 40. Bg3 Rb7 41. Rf5 Rc4 42. Bd6 Rb5 43. Re5 Rxc3 44. Re8+ Kh7 45. Re7 Kg6 46. Re5 Rc2 47. f4 Rxa2 48. Bxc5 Rc2 49. Bd4 Rxe5 50. Bxe5 a4 51. g4 a3 52. h4 a2 53. f5+ Kh7 54. g5 Rc1+ 55. Kg2 a1=Q 56. Bxa1 Rxa1 57. gxh6 Kxh6 58. Kg3 g6 59. Kf4 gxf5 60. Kxf5 Re1 61. e4 Kh5 62. e5 Kxh4 63. Kf6 Kg4 64. Kxf7 Rxe5 65. Kg8 Re7 66. Kf8 Ra7 67. Ke8 Kf5 68. Kd8 Ke6 69. Kc8 Kd6 70. Kb8 Rg7 71. Kc8 Rh7 72. Kb8 Kc6 73. Ka8 Kb6 74. Kb8 Rh8# 0-1

[Event "POL-chT 2nd League Juniors 2020"]
[Site "Sypniewo"]
[Date "2020.10.24"]
[Round "3.18"]
[White "Gaszka, Zuzanna"]
[Black "Lewicka, Joanna"]
[Result "1-0"]
[ECO "D35"]
[WhiteElo "1417"]
[BlackElo "1243"]
[Annotator "NA RC"]
[PlyCount "105"]
[EventDate "2020.10.23"]
[EventType "team-tourn"]
[EventCountry "POL"]
[SourceTitle "playchess.com"]
[Source "ChessBase"]
[SourceQuality "1"]
[TimeControl "5400+30"]

1. d4 d5 2. c4 e6 3. Nc3 Nf6 4. cxd5 exd5 5. Bg5 Be7 6. e3 O-O 7. Bd3 Nbd7 8. Nge2 c5 9. O-O b6 10. f3 Bb7 11. Qd2 a6 12. a4 c4 13. Bc2 Bb4 14. Bf5 Qc7 15. Qc2 g6 16. Bxd7 Nxd7 17. e4 dxe4 18. fxe4 Rfe8 19. Ng3 Qd6 20. Qf2 f6 21. Bf4 Qf8 22. Qe2 Rac8 23. Qg4 Qg7 24. d5 Bxc3 25. bxc3 Nc5 26. Bd6 Nb3 27. Rad1 b5 28. axb5 axb5 29. Qf3 Nc5 30. Bxc5 Rxc5 31. Qxf6 Qxf6 32. Rxf6 Bc8 33. d6 Bd7 34. Rd4 Rce5 35. Rf2 Kg7 36. Rfd2 Bc6 37. Kf2 Kf7 38. Ke3 Bd7 39. Rd5 Rxd5 40. Rxd5 Ke6 41. Ne2 Bc6 42. Nd4+ Kd7 43. Nxc6 Kxc6 44. Kd4 b4 45. cxb4 c3 46. Kxc3 Rd8 47. b5+ Kd7 48. Kd4 Rb8 49. e5 Re8 50. Rc5 Re6 51. Kd5 Re8 52. Rc7+ Kd8 53. e6 1-0